 Dungeon Crawl Stone Soup version 0.26-a0-651-gb41185065b (webtiles) character file.

Game seed: 12313638563500209382

(classic levelgen) 2210 EnegeticOcto the Cleaver (level 9, -12/81 HPs)
             Began as a Deep Dwarf Fighter on Oct 10, 2020.
             Was a Follower of Makhleb.
             Mangled by a two-headed ogre
             ... wielding a +0 giant spiked club
              (26 damage)
             ... on level 6 of the Dungeon.
             The game lasted 00:02:16 (2681 turns).

EnegeticOcto the Cleaver (Deep Dwarf Fighter)       Turns: 2681, Time: 00:02:16

Health: -12/81     AC: 12    Str: 24    XL:     9   Next: 13%
Magic:  7/7        EV:  6    Int:  8    God:    Makhleb [*.....]
Gold:   193        SH: 11    Dex: 12    Spells: 8/8 levels left

rFire    . . .     SeeInvis .   a - +0 war axe
rCold    . . .     Faith    .   c - +0 kite shield
rNeg     . . .     Spirit   .   u - +0 chain mail
rPois    .         Reflect  .   (no helmet)
rElec    .         Harm     .   (no cloak)
rCorr    .         Rampage  .   (no gloves)
MR       +....                  h - +1 pair of boots
Stlth    ..........             (no amulet)
HPRegen  0.00/turn              (no ring)
MPRegen  0.10/turn              (no ring)

@: lethally poisoned (-12 -> -12), non-regenerating
A: damage resistance, heal wounds, sense surroundings 2, no regeneration
a: Heal Wounds, Renounce Religion


You were on level 6 of the Dungeon.
You worshipped Makhleb.
Makhleb was aware of your devotion.
You visited 2 branches of the dungeon, and saw 7 of its levels.

You collected 193 gold pieces.

Inventory:

Hand Weapons
 a - a +0 war axe (weapon)
 t - a +4 hand axe
Missiles
 g - a throwing net (quivered)
Armour
 c - a +0 kite shield (worn)
 h - a +1 pair of boots (worn)
 u - a +0 chain mail (worn)
Wands
 i - a wand of iceblast (7) {@v2}
Scrolls
 b - a scroll of teleportation {unknown}
 e - a scroll of fog {unknown}
 f - 6 scrolls of identify {unknown}
 j - a scroll of random uselessness {unknown}
 l - 3 scrolls of amnesia {unknown}
 m - a scroll of magic mapping {unknown}
 o - 2 scrolls of remove curse {@r2}
 q - 2 scrolls of enchant weapon {unknown}
Potions
 d - 2 potions of might {@q3}
 k - a potion of berserk rage {unknown}
 n - a potion of cancellation {unknown}
 p - 2 potions of curing {unknown}
 r - a potion of mutation {unknown}


   Skills:
 + Level 5.4 Fighting
 * Level 8.1 Axes
 + Level 6.4 Armour
 + Level 6.3 Shields
 + Level 5.4 Invocations


You had 8 spell levels left.
You didn't know any spells.
Your spell library was empty.

Dungeon Overview and Level Annotations

Branches:
Dungeon (6/15)             Temple (1/1) D:4

Altars:
Ashenzari
Cheibriados
Dithmenos
Elyvilon
Fedhas
Hepliaklqana
Kikubaaqudgha
Makhleb
Okawaru
Qazlal
Sif Muna
Trog
Uskayaw
Wu Jian
Xom
Yredelemnul
The Shining One

Annotations:
D:5 1 runed translucent door, Flugslaktarn's ghost, amateur DDFi


Innate Abilities, Weirdness & Mutations

You are resistant to damage.
You can heal yourself by infusing magical energy.
You passively map the area around you.
You do not regenerate.


Message History

No target in view!
No target in view!
No target in view!
Found an escape hatch in the floor.
Found 26 stones.
A quokka and a worker ant come into view.
The worker ant twitches its antennae in your direction.
There are monsters nearby!
There are monsters nearby!
There are monsters nearby!
There are monsters nearby!
Found 14 gold pieces.
Found a stone staircase leading up.
You closely miss the worker ant. The worker ant barely misses you.
You block the quokka's attack.
You hit the worker ant.
The worker ant is lightly wounded.
You closely miss the quokka. The worker ant closely misses you.
You block the quokka's attack. You block the worker ant's attack.
Your shield prevents you from hitting the worker ant.
The worker ant is lightly wounded.
Your chain mail prevents you from hitting the quokka.
You block the quokka's attack.
The worker ant bites you but does no damage.
You block the quokka's attack.
You closely miss the worker ant.
The worker ant is lightly wounded.
You hit the quokka. The worker ant bites you. The quokka barely misses you.
You barely miss the quokka.
The quokka is moderately wounded.
You hit the worker ant but do no damage.
You block the worker ant's attack. The quokka barely misses you.
The worker ant bites you.
You are poisoned.
The worker ant poisons you! The quokka bites you.
You slash the quokka!
You kill the quokka!
Makhleb accepts your kill.
You slash the worker ant! You block the worker ant's attack.
You hit the worker ant but do no damage.
The worker ant is severely wounded.
You block the worker ant's attack. The worker ant closely misses you.
You slash the worker ant!
You kill the worker ant!
Makhleb accepts your kill.
p - 2 blue potions (gained 1)
A two-headed ogre comes into view.
It is wielding two +0 giant spiked clubs.
The two-headed ogre shouts in stereo!
A two-headed ogre is nearby!
A two-headed ogre is nearby!
A two-headed ogre is nearby!
A two-headed ogre is nearby!
A two-headed ogre is nearby!
A two-headed ogre is nearby!
A two-headed ogre is nearby!
A two-headed ogre is nearby!
The two-headed ogre hits you with a +0 giant spiked club!
You block the two-headed ogre's attack.
You hit the two-headed ogre.
The two-headed ogre is lightly wounded.
The two-headed ogre hits you with a +0 giant spiked club.
The two-headed ogre closely misses you.
You slash the two-headed ogre!
The two-headed ogre is lightly wounded.
You block the two-headed ogre's attack. The two-headed ogre barely misses you.
You hit the two-headed ogre.
The two-headed ogre is lightly wounded.
You barely miss the two-headed ogre.
The two-headed ogre is lightly wounded.
The two-headed ogre hits you with a +0 giant spiked club!
The two-headed ogre hits you with a +0 giant spiked club.
* * * LOW HITPOINT WARNING * * *
You are too injured to fight recklessly!
You are too injured to fight recklessly!
You are too injured to fight recklessly!
You are too injured to fight recklessly!
You are too injured to fight recklessly!
You are too injured to fight recklessly!
You are too injured to fight recklessly!
You are too injured to fight recklessly!
You are too injured to fight recklessly!
You are too injured to fight recklessly!
You are too injured to fight recklessly!
You are too injured to fight recklessly!
A two-headed ogre is nearby!
You are too injured to fight recklessly!
You completely miss the two-headed ogre.
The two-headed ogre is lightly wounded.
You block the two-headed ogre's attack.
The two-headed ogre hits you with a +0 giant spiked club.
* * * LOW HITPOINT WARNING * * *
You hit the two-headed ogre.
The two-headed ogre is moderately wounded.
The two-headed ogre completely misses you.
The two-headed ogre hits you with a +0 giant spiked club.
* * * LOW HITPOINT WARNING * * *
You hit the two-headed ogre.
The two-headed ogre is moderately wounded.
The two-headed ogre hits you with a +0 giant spiked club!!
You die...

* ##..# * ### ## #..##
*...#*## * * #.#
###..####.....,.. * *
...#
###...........$.,.. *
,,...##...............
.. *
#................##*##
* ##...../....(...## ,
* #..>............# *
#...O@.........## ,
#...............#
#................#* *
*
,.....<.......#.....,
,
.............##....,,
,,, ,............##
#..,* *,,,,
............# ,
...........## *, , ,,
, ,* * *


You could see a two-headed ogre.

Vanquished Creatures
  A two-headed ogre (D:5)
  Eustachio (D:4)
  A yak (D:5)
  A sky beast (D:5)
  A black bear (D:5)
  3 ogres (D:4)
  An ice beast (D:5)
  3 centaurs (D:5)
  A centaur zombie (D:5)
  A jelly (D:4)
  A quasit (D:5)
  A hound (D:5)
  2 orc priests
  2 orc wizards
  A bullfrog skeleton (D:5)
  3 worker ants
  9 adders
  2 oozes
  An adder zombie (D:2)
  4 worms (D:3)
  3 dart slugs
  9 orcs
  7 bats
  2 giant cockroaches
  6 hobgoblins
  5 jackals
  8 kobolds
  3 quokkas
  3 frilled lizards
  8 goblins
  A jackal skeleton (D:4)
  A quokka skeleton (D:4)
  A quokka zombie (D:5)
  4 rats
  A butterfly (D:4)
102 creatures vanquished.

Vanquished Creatures (others)
  4 plants
4 creatures vanquished.

Grand Total: 106 creatures vanquished

Notes
Turn   | Place    | Note
-------+----------+-------------------------------------------
     0 | D:1      | EnegeticOcto the Deep Dwarf Fighter began the quest for the
                  | Orb.
     0 | D:1      | Reached XP level 1. HP: 20/20 MP: 1/1
    54 | D:1      | Reached XP level 2. HP: 27/27 MP: 2/2
   288 | D:2      | Reached skill level 3 in Axes
   288 | D:2      | Reached XP level 3. HP: 26/33 MP: 3/3
   434 | D:3      | Reached XP level 4. HP: 18/42 MP: 4/4
   768 | D:3      | Found a broken altar of Ashenzari.
   768 | D:3      | Found a blossoming altar of Fedhas.
   771 | D:3      | Found an iron altar of Okawaru.
   775 | D:3      | Found a shimmering blue altar of Sif Muna.
   781 | D:3      | Found a hide-covered altar of Uskayaw.
   908 | D:4      | Reached skill level 4 in Axes
   908 | D:4      | Reached XP level 5. HP: 29/49 MP: 5/5
   984 | D:4      | Found a staircase to the Ecumenical Temple.
  1015 | Temple   | Entered the Ecumenical Temple
  1205 | Temple   | Became a worshipper of Makhleb the Destroyer
  1381 | D:4      | Noticed an ogre
  1397 | D:4      | Killed an ogre
  1397 | D:4      | Reached skill level 1 in Invocations
  1397 | D:4      | Reached XP level 6. HP: 24/57 MP: 5/5
  1402 | D:4      | Found a stormy altar of Qazlal.
  1413 | D:4      | Noticed Eustachio
  1453 | D:4      | Killed Eustachio
  1453 | D:4      | Reached skill level 5 in Axes
  1508 | D:4      | Reached XP level 7. HP: 62/63 MP: 5/5
  1524 | D:4      | Reached skill level 5 in Armour
  1603 | D:4      | Reached skill level 5 in Shields
  1728 | D:5      | Entered Level 5 of the Dungeon
  1736 | D:5      | Reached skill level 6 in Axes
  1775 | D:5      | Noticed a two-headed ogre
  1796 | D:5      | HP: 3/64 [two-headed ogre/+0 giant club (23)]
  1811 | D:5      | Killed a two-headed ogre
  1811 | D:5      | Reached skill level 7 in Axes
  1811 | D:5      | Reached XP level 8. HP: 65/73 MP: 3/5
  1876 | D:5      | Reached * piety under Makhleb
  1890 | D:5      | Reached skill level 5 in Fighting
  2139 | D:5      | Reached skill level 5 in Invocations
  2302 | D:5      | Found a runed translucent door.
  2318 | D:5      | Reached skill level 8 in Axes
  2318 | D:5      | Gained mutation: You passively map the area around you.
                  | [Deep Dwarf growth]
  2318 | D:5      | Reached XP level 9. HP: 70/81 MP: 6/6
  2558 | D:5      | Noticed Flugslaktarn's ghost (amateur DDFi)
  2671 | D:6      | Noticed a two-headed ogre
  2681 | D:6      | Mangled by a two-headed ogre

Illustrated notes

Levels and vault maps discovered:
D:1:      ldierk_water_garden, layout_basic
D:2:      lemuel_upstairs_altar, layout_loops_ring, minmay_misc_feat_square,
          corner_web_ring, minmay_small_reverse_x
D:3:      layout_rooms, minitemple, chequers_serial_rivers_room_a,
          kennysheep_generic_room_3
D:4:      layout_basic, kennysheep_mini_moat, minmay_temple_entry_ruins,
          hangedman_glass_garden, uniq_eustachio
D:5:      minmay_chambers_of_fours, layout_loops_ring,
          ebering_ghost_reflecting_pool, serial_bayou_pond_c
D:6:      layout_layer_cave, minmay_misc_feat_alley
Temple:   bh_familiar_temple

Skill      XL: |  1  2  3  4  5  6  7  8 |
---------------+-------------------------+-----
Axes           | 3 4 5 7 8 |  8.1
Fighting       | 3 4 5 |  5.4
Armour         | 4 5 6 |  6.4
Shields        | 4 5 6 |  6.3
Invocations    | 1 2 4 5 |  5.4

Action                   |  1- 3 |  4- 6 |  7- 9 || total
-------------------------+-------+-------+-------++-------
Melee: War axe           |   105 |   156 |   131 ||   392
       Hand axe          |       |       |    16 ||    16
 Abil: Heal Wounds       |       |     6 |    17 ||    23
  Use: Scroll            |       |       |     1 ||     1
Armor: Scale mail        |    54 |   104 |    36 ||   194
       Chain mail        |       |       |    20 ||    20
Dodge: Dodged            |    39 |    55 |    44 ||   138
Block: Kite shield       |    67 |    90 |    99 ||   256

Table legend: (Time is in decaauts)
 A = Elapsed time spent in this place.
 B = Non-inter-level travel time spent in this place.
 C = Inter-level travel time spent in this place.
 D = Time resting spent in this place.
 E = Time spent auto-exploring this place.
 F = Levels seen in this place.
 G = Mean time per level.
                   A        B        C        D        E       F      G
               +--------+--------+--------+--------+--------+-----+--------+
         Total |   2814 |   2657 |    157 |      0 |   1769 |   7 |  402.0 |
       Dungeon |   2605 |   2495 |    110 |      0 |   1609 |   6 |  434.2 |
        Temple |    208 |    162 |     46 |      0 |    160 |   1 |  208.0 |
               +--------+--------+--------+--------+--------+-----+--------+

Top non-repeatable levels by time:
     D:5: 880 daAuts
     D:4: 658 daAuts
     D:3: 514 daAuts
     D:2: 288 daAuts
  Temple: 208 daAuts
     D:1: 163 daAuts
     D:6: 100 daAuts
